 Dungeon Crawl Stone Soup version 0.28.0-45-g0d030f2227 (webtiles) character file.

Game seed: 12544503843965061461

762 dohliylev the Ruffian (level 7, -4/68 HPs)
             Began as a Troll Monk on May 11, 2022.
             Killed from afar by Ijyb (12 damage)
             ... with an iceblast
             ... on level 4 of the Dungeon.
             The game lasted 00:04:15 (1856 turns).

dohliylev the Ruffian (Troll Monk)                  Turns: 1856, Time: 00:04:16

Health: -4/68      AC:  5    Str: 22    XL:     7   Next: 51%
Magic:  6/6        EV: 11    Int:  6    God:
Gold:   80         SH:  0    Dex: 12    Spells: 6/6 levels left

rFire   + . .      SeeInvis .     - Unarmed
rCold   . . .      Faith    .   (no shield)
rNeg    . . .      Spirit   .   a - +0 robe
rPois   .          Reflect  .   (helmet restricted)
rElec   .          Harm     .   o - +0 cloak
rCorr   .          Rampage  .   (gloves unavailable)
Will    .....                   (boots unavailable)
Stlth   ++........              (no amulet)
HPRegen 1.01/turn               i - ring of protection from fire
MPRegen 0.10/turn               (no ring)

@: studying Bows
A: large, unfitting armour, claws 3, regeneration 1, shaggy fur 1, tough skin 1
a: no special abilities


You were on level 4 of the Dungeon.
You visited 1 branch of the dungeon, and saw 4 of its levels.

You collected 80 gold pieces.

Inventory:

Missiles
 b - 4 boomerangs (quivered)
 g - a throwing net
Armour
 a - a +0 robe (worn)
 o - a +0 cloak (worn)
Jewellery
 i - a ring of protection from fire (left claw)
Wands
 q - a wand of flame (16)
Scrolls
 c - a scroll of enchant weapon {unknown}
 d - 3 scrolls of identify {unknown}
 e - a scroll of fog {unknown}
 f - 2 scrolls of amnesia {unknown}
 j - a scroll of brand weapon {unknown}
 k - 3 scrolls of blinking {unknown}
 l - a scroll of teleportation {unknown}
 p - a scroll of magic mapping {unknown}
 s - a scroll of immolation {unknown}
Potions
 h - a potion of attraction {unknown}
 m - a potion of cancellation {unknown}
 n - a potion of brilliance {unknown}
 r - a potion of flight {unknown}
 t - a potion of degeneration {unknown}


   Skills:
 + Level 3.6 Fighting
 + Level 1.5 Throwing
 + Level 4.0 Dodging
 - Level 1.0 Stealth
 + Level 6.9 Unarmed Combat


You had 6 spell levels left.
You didn't know any spells.
Your spell library contained the following spells:

 Spells                   Type           Power      Damage    Failure   Level
 Ignite Poison            Fire/Tmut/Pois 0%         N/A       83%         3
 Mephitic Cloud           Conj/Pois/Air  0%         N/A       83%         3
 Freezing Cloud           Conj/Ice/Air   0%         6-21      100%        5


Dungeon Overview and Level Annotations

Branches:
Dungeon (4/15)
 Temple: D:4-7

Altars:
Uskayaw

Shops:
D:2 !

Annotations:
D:4 Ijyb


Innate Abilities, Weirdness & Mutations

You are too large for most types of armour.
You have claws for hands.
Your natural rate of healing is unusually fast.
You are covered in fur. (AC +1)
You have tough skin. (AC +1)


Message History

The ogre is heavily wounded.
The ogre closely misses you. The goblin misses you.
You closely miss the ogre.
The ogre is heavily wounded.
The ogre barely misses you. The goblin hits you but does no damage.
You barely miss the ogre.
The ogre is heavily wounded.
The goblin barely misses you. The ogre hits you with a +0 giant club!
You are too injured to fight recklessly!
You are too injured to fight recklessly!
You are too injured to fight recklessly!
You are too injured to fight recklessly!
You are too injured to fight recklessly!
You are too injured to fight recklessly!
You are too injured to fight recklessly!
You scratch the ogre but do no damage.
The ogre is heavily wounded.
The goblin closely misses you.
You claw the ogre! Your claw misses the ogre.
The ogre is almost dead.
The ogre hits you with a +0 giant club!
* * * LOW HITPOINT WARNING * * *
The goblin hits you but does no damage.
You claw the ogre!
You kill the ogre!
Ijyb the Twisted Goblin comes into view.
She is wielding a +0 trident, wearing a +1 leather armour of cold resistance and carrying a wand of iceblast (10).
Ijyb shouts!
The goblin completely misses you.
Ijyb moves out of view.
You see here a +0 giant club.
The goblin barely misses you.
You completely miss the goblin. You closely miss the goblin.
The goblin hits you but does no damage.
You miss the goblin.
Ijyb hits you from afar with a +0 trident!
* * * LOW HITPOINT WARNING * * *
The goblin hits you with a +0 club.
* * * LOW HITPOINT WARNING * * *
You barely miss the goblin.
Ijyb zaps a wand.
The mass of ice explodes!
The iceblast engulfs you!
You die...

..#.....#.....##
...............##
.............)..#####
....................#
................###.#
....................#
...............###..#
.............###.).##
...........###..@g.#
..)......###)......#
..##...#...###..g..#
.. #####.....###...#
.. #..†###...###.# ..
#.....###.. ..# .#
#.#).)..### .# .#
#.#.......# .#
.#####.#.....###


You could see Ijyb and a goblin.

Vanquished Creatures
  Pikel (D:4)
  2 ogres (D:4)
  Crazy Yiuf (D:2)
  A hound (D:4)
  3 gnolls (D:2)
  2 adders (D:2)
  2 worms
  3 orcs
  7 ball pythons
  4 bats
  4 endoplasms
  2 giant cockroaches
  11 goblins
  7 hobgoblins
  3 kobolds
  4 frilled lizards
  A quokka skeleton (D:4)
  6 rats
64 creatures vanquished.

Notes
Turn   | Place    | Note
-------+----------+-------------------------------------------
     0 | D:1      | dohliylev the Troll Monk began the quest for the Orb.
     0 | D:1      | Reached XP level 1. HP: 22/22 MP: 0/0
    63 | D:1      | Reached XP level 2. HP: 27/29 MP: 1/1
   614 | D:1      | Reached XP level 3. HP: 36/36 MP: 2/2
   785 | D:1      | Found a faded altar of an unknown god.
  1005 | D:2      | Reached XP level 4. HP: 44/44 MP: 3/3
  1068 | D:2      | Found a runed translucent door.
  1069 | D:2      | Noticed Crazy Yiuf
  1144 | D:2      | Found Wuecw's Distillery.
  1173 | D:2      | Reached skill level 4 in Unarmed Combat
  1447 | D:2      | Killed Crazy Yiuf
  1639 | D:3      | You fall into a shaft and drop 1 floor!
  1647 | D:4      | Reached XP level 5. HP: 52/53 MP: 4/4
  1716 | D:4      | Noticed a lemure
  1718 | D:4      | Noticed Pikel
  1719 | D:4      | Noticed a lemure
  1720 | D:4      | Noticed a lemure
  1720 | D:4      | Noticed a lemure
  1733 | D:4      | Killed Pikel
  1734 | D:4      | Reached skill level 1 in Throwing
  1734 | D:4      | Reached skill level 6 in Unarmed Combat
  1734 | D:4      | Reached XP level 6. HP: 11/61 MP: 5/5
  1734 | D:4      | Reached XP level 7. HP: 12/67 MP: 6/6
  1789 | D:4      | Found a hide-covered altar of Uskayaw.
  1851 | D:4      | Noticed Ijyb
  1856 | D:4      | Killed from afar by Ijyb

Illustrated notes

Levels and vault maps discovered:
D:1:      shiori_arrival_elements, layout_basic,
          shapermc_ecumenical_altar_mp_vishouse
D:2:      layout_rooms, serial_shops, shop, hangedman_feature_mirror,
          serial_bayou_lake_a, uniq_crazy_yiuf_cottage
D:3:      layout_loops_ring, chei_slow_surprise
D:4:      layout_rooms, mainiacjoe_overflow_boulevard, minmay_unequal,
          uniq_duvessa, uniq_pikel, uniq_sigmund, uniq_grinder, uniq_ijyb

Skill      XL: |  1  2  3  4  5  6  7 |
---------------+----------------------+-----
Dodging        | 3 4 |  4.0
Fighting       | 3 |  3.6
Unarmed Combat | 4 6 |  6.9
Throwing       | 1 |  1.5
Stealth        | |  1.0

Action                   |  1- 3 |  4- 6 |  7- 9 || total
-------------------------+-------+-------+-------++-------
Melee: Unarmed           |    80 |    64 |    25 ||   169
       Punch             |       |     2 |       ||     2
Throw: Boomerang         |     9 |       |       ||     9
 Stab: Sleeping          |     2 |     1 |       ||     3
Armor: Robe              |    28 |    15 |     8 ||    51
Dodge: Dodged            |    39 |    36 |    13 ||    88
